cohdb
Replays
Latest Replays
All Replays
Popular Replays
Top Player Replays
Match Explorer
How It Works
Community
CoH3 Stats
Reddit
Sign in to upload your games and track your stats! →
Sign in with Steam
Match 39011927
Unlisted
Match 39011927
Overview
Messages
Build Orders
End
Scout Squad
Construct Barracks
Selects Advanced Infantry Battlegroup
Riflemen Squad
Riflemen Squad
Grenade Package
1⁄4-ton 4x4 Truck
Infantry Support Center
Construct Medical Station
Construct Weapon Support Center
Selects Artillery Observers
M3 Armored Personnel Carrier
M3 Armored Personnel Carrier
Engineer Squad
Selects M2A1 105mm Howitzer Emplacement
Bazooka Squad
M1918 Browning Automatic Rifles
STALKER4732
kit.ohume
Devochkin
Balboa
Makros
Medness94
0
0
Comments
sign in to comment!
No comments posted yet!